 Dungeon Crawl Stone Soup version 0.30-a0-777-ga9a30cbeda (console) character file.

Game seed: 12224068056962398118

92 rlgrobin the Insei (level 4, 0/35 HPs)
             Began as a Mummy Monk on Feb 15, 2023.
             Slain by a goblin
             ... wielding a +0 club
             ... led by Robin
              (4 damage)
             ... on level 5 of the Dungeon.
             The game lasted 00:05:49 (2905 turns).

rlgrobin the Insei (Mummy Monk)                     Turns: 2905, Time: 00:05:50

Health: 0/35       AC:  0    Str: 14    XL:     4   Next: 35%
Magic:  4/4        EV: 12    Int:  9    God:
Gold:   193        SH:  0    Dex: 16    Spells: 3/3 levels left

rFire   x . .      SeeInvis .      - Unarmed
rCold   + . .      Faith    +    (no shield)
rNeg    + + +      Spirit   .    (no body armour)
rPois   ∞          Reflect  .    (no helmet)
rElec   .          Harm     .    (no cloak)
rCorr   .          Rampage  .    (no gloves)
Will    .....                    (no boots)
Stlth   ++                       (no amulet)
HPRegen 0.25/turn                (no ring)
MPRegen 0.09/turn                (no ring)

@: no status effects
A: cold resistance 1, negative energy resistance 3, torment resistance 2, heat
vulnerability 1, in touch with death 1, no potions, faith
a: no special abilities


You were on level 5 of the Dungeon.
You visited 1 branch of the dungeon, and saw 5 of its levels.

You collected 193 gold pieces.

Inventory:

Scrolls
 c - a scroll of identify
 d - 3 scrolls of vulnerability
 e - a scroll of magic mapping {unknown}
 f - a scroll of teleportation {unknown}


   Skills:
 - Level 3.0 Fighting
 - Level 2.4 Dodging
 - Level 2.0 Stealth
 + Level 4.1 Unarmed Combat


You had 3 spell levels left.
You didn't know any spells.
Your spell library contained the following spells:

 Spells                   Type           Power      Damage    Failure   Level
 Inner Flame              Hex/Fire       0%         N/A       77%         3
 Vhi's Electric Charge    Tloc/Air       0%         N/A       77%         3
 Flame Wave               Conj/Fire      0%         2d4       99%         4
 Sticky Flame             Conj/Fire      0%         2d3       99%         4
 Arcjolt                  Conj/Air       0%         1d10      100%        5
 Maxwell's Capacitive Co  Air            0%         ∞         100%        8


Dungeon Overview and Level Annotations

Branches:
Dungeon (5/15)
 Temple: D:4-7

Altars:
Ashenzari

Shops:
D:2 :

Annotations:
D:2 1 runed translucent door, Crazy Yiuf, Sigmund
D:3 Ijyb
D:4 Robin


Innate Abilities, Weirdness & Mutations

You are immune to poison.
Your flesh is cold resistant. (rC+)
You are immune to negative energy. (rN+++)
You are immune to unholy pain and torment.
You are vulnerable to heat. (rF-)
You are in touch with the powers of death.
You do not drink.
You have a special connection with the divine. (Faith)


Message History

You kill the goblin!
The goblin barely misses you. The hobgoblin hits you.
The goblin attacks as you move away! The goblin barely misses you.
Things that are here:
a +0 club; a +0 dagger
As you read the scroll labelled YME XOTEULI, it crumbles to dust.
It is a scroll of identify.
d - 3 scrolls of vulnerability Robin roars a battlecry!
The goblins go into a battle-frenzy!
The goblin barely misses you.
You hear a shout!
As you read the scroll labelled OTIMPIKHUVI, it crumbles to dust.
The creatures around you are filled with an inner flame!
It was a scroll of immolation.
The goblin barely misses you. The goblin closely misses you.
Blink to where?
Press: ? - help, Dir - move target
As you read the scroll labelled YLUQEU NUADIQ, it crumbles to dust.
It was a scroll of blinking.
Robin roars a battlecry!
The goblin goes into a battle-frenzy!
The goblin hits you with a +0 club. The goblin hits you with a +0 club!
* * * LOW HITPOINT WARNING * * *
Things that are here:
a +0 dagger; a goblin corpse
There is a stone staircase leading down here.
You climb downwards.
Found a ring mail.
There is a stone staircase leading up here.
You hit the goblin but do no damage. The goblin barely misses you.
You closely miss the goblin. The goblin hits you with a +0 club!
* * * LOW HITPOINT WARNING * * *
You closely miss the goblin. The goblin closely misses you.
You hit the goblin but do no damage. You hit the goblin.
The goblin is heavily wounded.
The goblin hits you with a +0 club.
You die...

#...# .#
#...# ..#
#...# ...#
#...##...#
#........#
#........#
#..g.....#
#.@......#
#...##...#
#...# #
+....
#.....
#.....[
........
.........


You could see a goblin (strong).

Vanquished Creatures
  3 adders
  A worm (D:2)
  A dart slug (D:1)
  3 orcs
  A bat (D:1)
  An endoplasm (D:2)
  3 giant cockroaches (D:2)
  14 goblins
  8 hobgoblins
  2 jackals (D:1)
  2 quokkas
  6 ball pythons
  A frilled lizard (D:2)
  4 kobolds
  2 rats
52 creatures vanquished.

Vanquished Creatures (others)
  A quokka (D:3)
1 creature vanquished.

Grand Total: 53 creatures vanquished

Notes
Turn   | Place    | Note
-------+----------+-------------------------------------------
     0 | D:1      | rlgrobin the Mummy Monk began the quest for the Orb.
     0 | D:1      | Reached XP level 1. HP: 18/18 MP: 1/1
   224 | D:1      | Reached XP level 2. HP: 5/24 MP: 2/2
   688 | D:2      | Reached skill level 3 in Unarmed Combat
   995 | D:2      | Found a broken altar of Ashenzari.
  1083 | D:2      | Gained mutation: You are in touch with the powers of death.
                  | [Mummy growth]
  1083 | D:2      | Reached XP level 3. HP: 11/29 MP: 3/3
  1443 | D:2      | Found Lishion's Book Shop.
  1480 | D:2      | Noticed Sigmund
  1732 | D:2      | Found a runed translucent door.
  1733 | D:2      | Noticed Crazy Yiuf
  2168 | D:3      | Noticed Ijyb
  2225 | D:3      | Paralysed by Ijyb for 4 turns
  2378 | D:3      | Reached XP level 4. HP: 33/35 MP: 4/4
  2490 | D:3      | Reached skill level 4 in Unarmed Combat
  2867 | D:4      | Noticed Robin
  2900 | D:5      | Entered Level 5 of the Dungeon
  2905 | D:5      | Slain by a goblin

Illustrated notes

Levels and vault maps discovered:
D:1:      lemuel_arrival_lava_pool, layout_basic
D:2:      layout_basic, basic_altar, serial_shops, shop,
          minmay_goblin_kobold_house, uniq_sigmund, uniq_crazy_yiuf_cottage
D:3:      layout_loops_cross, grunt_qazlal_clouds, corexii_leaking_fountain,
          palyth_stone_intersect, uniq_ijyb
D:4:      layout_basic, uniq_robin
D:5:      layout_gridville, minmay_temple_entry_nine_rooms,
          kennysheep_small_circle

Skill      XL: |  1  2  3  4 |
---------------+-------------+-----
Stealth        | 2 |  2.0
Unarmed Combat | 3 4 |  4.1
Fighting       | |  3.0
Dodging        | |  2.4

Action                     |  1- 3 |  4- 6 || total
---------------------------+-------+-------++-------
  Melee: Unarmed           |   195 |    60 ||   255
         Punch             |     1 |     2 ||     3
    Use: Scroll            |       |     3 ||     3
   Stab: Sleeping          |     1 |       ||     1
  Dodge: Dodged            |   110 |    43 ||   153

Table legend: (Time is in decaauts)
 A = Elapsed time spent in this place.
 B = Non-inter-level travel time spent in this place.
 C = Inter-level travel time spent in this place.
 D = Time resting spent in this place.
 E = Time spent auto-exploring this place.
 F = Levels seen in this place.
 G = Mean time per level.
                   A        B        C        D        E       F      G
               +--------+--------+--------+--------+--------+-----+--------+
         Total |   2890 |   2751 |    139 |    693 |   1411 |   5 |  578.0 |
       Dungeon |   2890 |   2751 |    139 |    693 |   1411 |   5 |  578.0 |
               +--------+--------+--------+--------+--------+-----+--------+

Top non-repeatable levels by time:
     D:2: 1502 daAuts
     D:1: 746 daAuts
     D:3: 352 daAuts
     D:4: 284 daAuts
     D:5: 4 daAuts
